 Dungeon Crawl Stone Soup version 0.18.1-48-g4cf74bf (webtiles) character file.

634 dearth the Skirmisher (level 7, -3/67 HPs)
             Began as a Minotaur Fighter on Aug 7, 2016.
             Was a Follower of Okawaru.
             Slain by an orc warrior
             ... wielding a +0 flail
              (26 damage)
             ... on level 6 of the Dungeon.
             The game lasted 00:11:29 (3592 turns).

dearth the Skirmisher (Minotaur Fighter)            Turns: 3592, Time: 00:11:29

Health: -3/67      AC:  4    Str: 21    XL:     7   Next: 24%
Magic:  6/6        EV:  8    Int:  5    God:    Okawaru [*.....]
Gold:   277        SH:  9    Dex: 11    Spells: 0 memorised, 6 levels left

rFire  . . .     SeeInvis .     a - +1 flail
rCold  . . .     Gourm    .     h - +0 troll leather armour {Purgy}
rNeg   . . .     Faith    .     c - +0 shield
rPois  .         Spirit   .     (helmet restricted)
rElec  .         Dismiss  .     (no cloak)
rCorr  .         Reflect  .     (no gloves)
SustAt .         Harm     .     (no boots)
MR     .....                    (no amulet)
Stlth  +.........               (no ring)
                                (no ring)

@: not resistant to hostile enchantments, very unstealthy
A: retaliatory headbutt, horns 2
a: Heroism, Renounce Religion


You were on level 6 of the Dungeon.
You worshipped Okawaru.
Okawaru was aware of your devotion.
You were hungry.

You visited 1 branch of the dungeon, and saw 6 of its levels.

You collected 277 gold pieces.

Inventory:

Hand Weapons
 a - a +1 flail (weapon)
Armour
 b - a +0 scale mail
 c - a +0 shield (worn)
 h - a +0 troll leather armour (worn) {Purgy}
Jewellery
 p - an uncursed ring of fire {unknown}
Scrolls
 e - 6 scrolls of identify
 k - 2 scrolls of teleportation
 l - a scroll of enchant weapon
 m - 2 scrolls of enchant armour
 o - a scroll of torment {unknown}
 t - a scroll of blinking {unknown}
 u - 3 scrolls of fog {unknown}
 v - 5 scrolls of remove curse {unknown}
Potions
 i - a potion of beneficial mutation {unknown}
 j - a potion of haste {unknown}
 n - a potion of cancellation {unknown}
 q - 4 potions of curing
 r - a potion of heal wounds {unknown}
Comestibles
 d - 3 meat rations
 f - 5 bread rations


   Skills:
 + Level 7.6 Fighting
 + Level 7.0 Maces & Flails
 - Level 3.6 Armour
 - Level 3.6 Shields


You had 6 spell levels left.
You didn't know any spells.

Dungeon Overview and Level Annotations

Branches:
Dungeon (6/15)             Temple (0/1) D:4

Altars:
Ashenzari
Dithmenos
Elyvilon
Gozag
Makhleb
Nemelex Xobeh
Okawaru
Trog
Xom
Zin


Innate Abilities, Weirdness & Mutations

You reflexively headbutt those who attack you in melee.
You have a pair of horns on your head.


Message History

It was a potion of curing.
You feel better. The orc warrior hits you with a flail!
* * * LOW HITPOINT WARNING * * *
Drink which item? (? for menu, Esc to quit)
It was a potion of ambrosia.
You are confused.
You feel invigorated. The orc warrior hits you with a flail!
* * * LOW HITPOINT WARNING * * *
You bump into the rock wall.
You feel less invigorated.
You feel less confused.
You hit the orc warrior but do no damage.
The orc warrior is heavily wounded.
The orc warrior barely misses you. The orc hits you but does no damage.
You closely miss the orc warrior.
The orc warrior is heavily wounded.
You block the orc's attack. You block the orc warrior's attack.
You closely miss the orc warrior.
The orc warrior is heavily wounded.
The orc hits you but does no damage. The orc warrior hits you with a flail!!
You die...

#... #..# # #..#
## #. #.. ...#.#
... ......# #.#
....... #.#
.......#######@#
#..)<)...ooo#
#...#########
#.## #


You could see an orc warrior and 2 orcs.

Vanquished Creatures
  Purgy (D:3)
  A necrophage (D:5)
  A scorpion (D:5)
  A howler monkey (D:5)
  2 orc wizards
  A centaur skeleton (D:5)
  A giant frog skeleton (D:4)
  2 iguanas
  A worker ant (D:4)
  6 adders
  A worm (D:4)
  A dart slug (D:2)
  12 giant geckos
  5 orcs
  9 bats
  3 giant cockroaches
  7 hobgoblins
  6 jackals
  7 kobolds
  3 quokkas
  2 ball pythons
  7 giant newts
  12 goblins
  21 rats
113 creatures vanquished.

Notes
Turn   | Place    | Note
--------------------------------------------------------------
     0 | D:1      | dearth the Minotaur Fighter began the quest for the Orb.
     0 | D:1      | Reached XP level 1. HP: 19/19 MP: 0/0
    87 | D:1      | Reached XP level 2. HP: 23/27 MP: 1/1
   388 | D:1      | Reached XP level 3. HP: 31/34 MP: 2/2
  1089 | D:2      | Reached XP level 4. HP: 41/41 MP: 3/3
  1424 | D:3      | Reached skill level 5 in Fighting
  1447 | D:3      | Found a shattered altar of Ashenzari.
  1567 | D:3      | Found a white marble altar of Elyvilon.
  1568 | D:3      | Found a burning altar of Makhleb.
  1568 | D:3      | Found a shadowy altar of Dithmenos.
  1569 | D:3      | Noticed Purgy
  1570 | D:3      | Found a sparkling altar of Nemelex Xobeh.
  1570 | D:3      | Found an iron altar of Okawaru.
  1593 | D:3      | Killed Purgy
  1593 | D:3      | Reached skill level 5 in Maces & Flails
  1593 | D:3      | Reached XP level 5. HP: 39/50 MP: 4/4
  1676 | D:3      | Found a bloodstained altar of Trog.
  1676 | D:3      | Found a glowing silver altar of Zin.
  1677 | D:3      | Found a shimmering altar of Xom.
  1684 | D:3      | Became a worshipper of Warmaster Okawaru
  2437 | D:4      | Reached XP level 6. HP: 57/57 MP: 5/5
  2445 | D:4      | Found an opulent altar of Gozag.
  2701 | D:4      | Found a staircase to the Ecumenical Temple.
  2785 | D:5      | Entered Level 5 of the Dungeon
  3201 | D:5      | Reached * piety under Okawaru
  3201 | D:5      | Reached XP level 7. HP: 60/65 MP: 6/6
  3579 | D:6      | HP: 3/66 [orc warrior/flail (17)]
  3584 | D:6      | HP: 2/67 [orc warrior/flail (9)]
  3592 | D:6      | Slain by an orc warrior

Skill      XL: |  1  2  3  4  5  6  7 |
---------------+----------------------+-----
Fighting       | 4 5 6 7 |  7.6
Maces & Flails | 3 4 5 6 7 |  7.0
Armour         | |  3.6
Shields        | |  3.6

Action                   |  1- 3 |  4- 6 |  7- 9 || total
-------------------------+-------+-------+-------++-------
Melee: Flail             |   121 |   121 |    49 ||   291
       Headbutt          |    10 |    20 |    10 ||    40
  Use: Potion            |       |     2 |     2 ||     4
       Scroll            |       |     7 |       ||     7
  Eat: Chunk             |     1 |     7 |     1 ||     9
Armor: Scale mail        |    60 |    52 |       ||   112
       Troll leather arm |       |    17 |    16 ||    33
Dodge: Dodged            |    50 |    55 |    14 ||   119
Block: Shield            |    83 |    75 |    23 ||   181
